 Dungeon Crawl Stone Soup version 0.30-a0-986-g7f2e898f52 (webtiles) character file.

Game seed: 9921315613374716271

704 BRD2 the Cudgeller (level 7, -8/56 HPs)
             Began as a Demonspawn Gladiator on Apr 2, 2023.
             Was an Initiate of Hepliaklqana.
             Mangled by Menkaure (15 damage)
             ... on level 4 of the Dungeon.
             The game lasted 00:11:25 (3860 turns).

BRD2 the Cudgeller (Demonspawn Gladiator)           Turns: 3860, Time: 00:11:26

Health: -8/56      AC:  9    Str: 16    XL:     7   Next: 39%
Magic:  7/7        EV: 22    Int: 10    God:    Hepliaklqana [......]
Gold:   216        SH:  0    Dex: 14    Spells: 6/6 levels left

rFire   . . .      SeeInvis .    a - +0 flail
rCold   . . .      Faith    .    (no shield)
rNeg    . . .      Spirit   .    r - +1 leather armour {Will+}
rPois   .          Reflect  .    c - +0 helmet
rElec   .          Rampage  .    (no cloak)
rCorr   .                        (no gloves)
Will    +....                    j - +0 pair of boots
Stlth   +                        (no amulet)
HPRegen 0.29/turn                t - +5 ring of evasion
MPRegen 0.10/turn                (no ring)

@: agile
A: icy blue scales 2, powered by pain 3
a: Renounce Religion


You were on level 4 of the Dungeon.
You worshipped Hepliaklqana.
Hepliaklqana was noncommittal.
You visited 1 branch of the dungeon, and saw 4 of its levels.

You collected 216 gold pieces.

Inventory:

Hand Weapons
 a - a +0 flail (weapon)
 v - a +0 dire flail
Missiles
 d - a throwing net (quivered)
 e - 3 javelins
 w - 3 poisoned darts
 A - 3 boomerangs
Armour
 c - a +0 helmet (worn)
 j - a +0 pair of boots (worn)
 q - a +0 chain mail
 r - a +1 leather armour of willpower (worn)
Jewellery
 t - a +5 ring of evasion (left hand)
Scrolls
 k - a scroll of silence {unknown}
 l - 3 scrolls of blinking {unknown}
 m - 5 scrolls of fear {unknown}
 n - 3 scrolls of vulnerability {unknown}
 o - a scroll of amnesia {unknown}
 p - 4 scrolls of identify {unknown}
 s - a scroll of enchant weapon {unknown}
 x - a scroll of teleportation {unknown}
 y - 2 scrolls of noise {unknown}
 B - a scroll of fog {unknown}
Potions
 b - 3 potions of brilliance {unknown}
 f - a potion of haste {unknown}
 h - a potion of lignification {unknown}
 i - 2 potions of curing {unknown}
 u - 2 potions of magic {unknown}
 z - a potion of berserk rage {unknown}
 C - a potion of resistance {unknown}


   Skills:
 + Level 5.0 Fighting
 + Level 5.0 Maces & Flails
 - Level 2.0 Throwing
 + Level 3.7 Armour
 - Level 3.0 Dodging


You had 6 spell levels left.
You didn't know any spells.
Your spell library contained the following spells:

 Spells                   Type           Power      Damage    Failure   Level
 Blink                    Tloc           0%         N/A       56%         2
 Lesser Beckoning         Tloc           0%         N/A       56%         2
 Momentum Strike          Conj/Tloc      0%         3d8       56%         2


Dungeon Overview and Level Annotations

Branches:
Dungeon (4/15)
 Temple: D:4-7

Altars:
Dithmenos
Hepliaklqana
Wu Jian

Annotations:
D:2 1 runed translucent door, Crazy Yiuf
D:3 Sigmund
D:4 1 runed translucent door, Grim's ghost, amateur DECj; Menkaure


Innate Abilities, Weirdness & Mutations

You are mostly covered in icy blue scales. (AC +3)
You are powered by pain.


Message History

A goblin is nearby!
The goblin shouts!
Menkaure, Prince of Dust comes into view.
Found a glowing sapphire potion.
Menkaure shouts!
Menkaure gestures wildly while chanting.
Menkaure seems to speed up.
You hit the goblin.
You kill the goblin!
Menkaure hits you!!
Menkaure points at you and mumbles some strange words.
Pain shoots through your body!
You barely miss Menkaure. Menkaure barely misses you.
You hit Menkaure.
Menkaure is moderately damaged.
Menkaure barely misses you. Menkaure closely misses you.
You barely miss Menkaure.
Menkaure is moderately damaged.
Menkaure barely misses you.
You barely miss Menkaure.
Menkaure is moderately damaged.
Menkaure breathes soot at you. Menkaure hits you!!
* * * LOW HITPOINT WARNING * * *
You focus on the pain.
You feel agile all of a sudden.
Okay, then.
You closely miss Menkaure.
Menkaure is moderately damaged.
Menkaure calls on the powers of darkness!
Your body is wracked with pain!
* * * LOW HITPOINT WARNING * * *
Menkaure misses you.
You sock Menkaure!
Menkaure is heavily damaged.
Menkaure barely misses you.
You closely miss Menkaure.
Menkaure is heavily damaged.
Menkaure hits you!
You die...

..................
..................
#.####...........#
#..##....#.#######..
........##.........#
###...........#####
...............###
...#)##..<...#..M#######
..##.#.......#.)@.......
#........#...#.#........
....#.#.................
........#.....###>......
.#.......#...# .......
†#..##....... ...!...
.[..##.#####. #######
.......# .##.####
##########


You could see Menkaure (fast).

Vanquished Creatures
  2 black bears (D:3)
  An orc warrior (D:3)
  An ogre (D:4)
  A scorpion (D:4)
  2 gnoll boudas
  An orc priest (D:3)
  Terence (D:2)
  6 gnolls (D:4)
  2 adders
  2 worms
  A dart slug (D:4)
  5 orcs
  7 ball pythons
  8 bats
  6 endoplasms
  5 giant cockroaches
  9 goblins
  9 hobgoblins
  10 jackals
  2 quokkas (D:2)
  4 frilled lizards
  4 kobolds
  3 rats
92 creatures vanquished.

Notes
Turn   | Place    | Note
-------+----------+-------------------------------------------
     0 | D:1      | BRD2 the Demonspawn Gladiator began the quest for the Orb.
     0 | D:1      | Reached XP level 1. HP: 16/16 MP: 1/1
   142 | D:1      | Gained mutation: You are partially covered in icy blue
                  | scales. (AC +2) [demonic ancestry]
   142 | D:1      | Reached XP level 2. HP: 22/22 MP: 2/2
   665 | D:1      | Reached XP level 3. HP: 28/28 MP: 3/3
  1011 | D:2      | Noticed Terence
  1040 | D:2      | Killed Terence
  1136 | D:2      | HP: 1/28 [gnoll bouda/+0 club (10)]
  1178 | D:1      | Reached skill level 1 in Armour
  1178 | D:1      | Gained mutation: You are mostly covered in icy blue scales.
                  | (AC +3) [demonic ancestry]
  1178 | D:1      | Reached XP level 4. HP: 34/34 MP: 4/4
  1529 | D:2      | Found a faded altar of an unknown god.
  1602 | D:2      | Found a runed translucent door.
  1603 | D:2      | Noticed Crazy Yiuf
  2547 | D:3      | Gained mutation: You sometimes gain a little power by
                  | taking damage. [demonic ancestry]
  2547 | D:3      | Reached XP level 5. HP: 40/41 MP: 5/5
  2561 | D:3      | Noticed Sigmund
  2802 | D:3      | Noticed an orc warrior
  2810 | D:3      | Killed an orc warrior
  3055 | D:4      | Noticed Grim's ghost (amateur DECj)
  3055 | D:4      | Noticed an ogre
  3055 | D:4      | Noticed a black bear
  3055 | D:4      | Found a runed translucent door.
  3071 | D:3      | Killed a black bear
  3072 | D:3      | Gained mutation: You sometimes gain power by taking damage.
                  | [demonic ancestry]
  3072 | D:3      | Reached XP level 6. HP: 33/48 MP: 6/6
  3187 | D:4      | Found an ornate altar of the Wu Jian Council.
  3258 | D:4      | Found a shadowy altar of Dithmenos.
  3258 | D:4      | Noticed a shadow
  3268 | D:4      | Found a hazy altar of Hepliaklqana.
  3336 | D:4      | Gained mutation: You are powered by pain. [demonic
                  | ancestry]
  3336 | D:4      | Reached XP level 7. HP: 30/55 MP: 7/7
  3351 | D:4      | Became a worshipper of Hepliaklqana the Forgotten
  3550 | D:3      | Reached skill level 5 in Fighting
  3550 | D:3      | Reached skill level 5 in Maces & Flails
  3848 | D:4      | Noticed Menkaure
  3860 | D:4      | Mangled by Menkaure

Illustrated notes

Levels and vault maps discovered:
D:1:      spicycebolla_arrival_xxxplode, layout_basic, serial_rivers,
          chequers_serial_rivers_micro_e, chequers_serial_rivers_micro_a,
          chequers_serial_rivers_small_b, chequers_serial_rivers_large_b,
          chequers_serial_rivers_micro_d, chequers_serial_rivers_micro_a,
          minmay_ruptured
D:2:      layout_basic, shapermc_ecumenical_altar_starsandcircs,
          minmay_divided_ellipse, uniq_terence, uniq_crazy_yiuf_cottage
D:3:      layout_basic, uniq_sigmund
D:4:      lemuel_castle_with_subvaults [lemuel_castle_interior_original],
          layout_rooms, riverfiend_overflow_shadow_ancestor,
          nicolae_wu_jian_immortal_techniques, hellmonk_ghost_happy_afterlife,
          uniq_menkaure

Skill      XL: |  1  2  3  4  5  6  7 |
---------------+----------------------+-----
Throwing       | 2 |  2.0
Dodging        | 3 |  3.0
Maces & Flails | 3 4 5 |  5.0
Armour         | 1 2 3 |  3.7
Fighting       | 3 4 5 |  5.0

Action                     |  1- 3 |  4- 6 |  7- 9 || total
---------------------------+-------+-------+-------++-------
  Melee: Flail             |   114 |   193 |    67 ||   374
         Punch             |     2 |       |       ||     2
  Throw: Throwing net      |     1 |     1 |       ||     2
    Use: Potion            |     1 |     2 |     3 ||     6
   Stab: Sleeping          |       |     1 |       ||     1
 Armour: Leather armour    |    36 |    45 |    31 ||   112
         Chain mail        |    11 |       |       ||    11
  Dodge: Dodged            |    92 |   168 |   100 ||   360

Table legend: (Time is in decaauts)
 A = Elapsed time spent in this place.
 B = Non-inter-level travel time spent in this place.
 C = Inter-level travel time spent in this place.
 D = Time resting spent in this place.
 E = Time spent auto-exploring this place.
 F = Levels seen in this place.
 G = Mean time per level.
                   A        B        C        D        E       F      G
               +--------+--------+--------+--------+--------+-----+--------+
         Total |   3971 |   3753 |    218 |    275 |   2561 |   4 |  992.8 |
       Dungeon |   3971 |   3753 |    218 |    275 |   2561 |   4 |  992.8 |
               +--------+--------+--------+--------+--------+-----+--------+

Top non-repeatable levels by time:
     D:2: 1378 daAuts
     D:3: 1133 daAuts
     D:1: 964 daAuts
     D:4: 496 daAuts
